AoeStats
← Caketown

MegaRandom

510076992Analyzed
2v2 RM · 2d ago on Sep 29, 2026· 45m 27s· 4 players
Game mode
Random Map
Map size
Medium (4 player)
Population
200
Speed
Normal
Resources
Standard
Victory
Conquest
Starting age
Dark Age
Ending age
Imperial Age
RankedLock teamsTeams togetherTeam positionsShared explorationLock speedFull tech treeHidden civsTurbo modeCheats
Victory
Defeat
🇮🇳 Malay · India
1373
+16
🇺🇸 Bulgarians · United States
1323
+18
🇹🇷 Burmese · Türkiye
1444
-20
🇦🇺 Britons · Australia
1291
-14
snek_fan
0:51 Loom
10:47 Feudal Age
14:14 Forging
18:38 Double-Bit Axe
22:57 Castle Age
21:07 Horse Collar
21:19 Gold Mining
24:15 Scale Barding Armor
27:30 Wheelbarrow
28:36 Husbandry
30:37 Town Watch
31:22 Hand Cart
33:31 Bow Saw
33:24 Heavy Plow
33:50 Fletching
35:16 Ballistics
35:06 Masonry
35:23 Bodkin Arrow
36:08 Town Patrol
36:02 Fishing Lines
36:24 Elite Skirmisher
41:22 Imperial Age
40:37 Padded Archer Armor
40:47 Treadmill Crane
42:44 Chemistry
41:45 Bracer
44:43 Leather Archer Armor
46:16 Ring Archer Armor
46:28 Gold Shaft Mining
arenaclown
0:36 Loom
11:28 Feudal Age
12:22 Double-Bit Axe
16:26 Castle Age
14:56 Fletching
17:32 Bow Saw
17:53 Fishing Lines
19:16 Horse Collar
24:32 Heavy Plow
26:15 Wheelbarrow
26:21 Medium Warships
26:32 Gold Mining
26:35 Stone Mining
28:25 Hand Cart
28:53 Gold Shaft Mining
28:54 Forging
28:47 Scale Mail Armor
32:23 Imperial Age
31:19 Bloodlines
31:10 Husbandry
31:27 Chain Mail Armor
31:49 Iron Casting
31:21 Scale Barding Armor
31:05 Light Cavalry
32:36 Stirrups
33:10 Chain Barding Armor
33:27 Conscription
32:29 Capped Ram
32:35 Hussar
34:19 Blast Furnace
34:15 Plate Barding Armor
33:31 Town Watch
33:45 Bodkin Arrow
33:32 Siege Ram
35:44 Bracer
36:08 Ballistics
36:49 Chemistry
36:36 Cavalier
37:52 Elite Konnik
38:45 Gillnets
40:15 Plate Mail Armor
43:37 Crop Rotation
45:11 Coinage
46:07 Siege Engineers
46:13 Masonry
Caketown
6:24 Loom
9:34 Feudal Age
11:43 Double-Bit Axe
13:19 Fletching
14:21 Horse Collar
22:01 Castle Age
26:31 Wheelbarrow
35:16 Imperial Age
Brutalitops
0:40 Loom
11:06 Feudal Age
21:53 Castle Age
20:29 Horse Collar
24:18 Medium Warships
26:13 Forging
27:33 Heavy Plow
27:40 Gold Mining
28:11 Town Watch
29:03 Wheelbarrow
28:41 Bloodlines
31:42 Padded Archer Armor
32:15 Hand Cart
36:10 Imperial Age
35:23 Fletching
36:02 Bodkin Arrow
37:15 Conscription
37:15 Elite Arambai
38:10 Husbandry
38:38 Ballistics
39:04 Bracer
40:29 Chemistry
40:35 Manipur Cavalry
Connection lost

Rejoining the realm…

Still unreachable

The connection could not be restored.

Session expired

The server has moved on; the page needs a fresh start.